 Dungeon Crawl Stone Soup version 0.18-a0-1485-g189885c (webtiles) character file.

85 gorblad the Shield-Bearer (level 4, -13/38 HPs)
             Began as a Demigod Fighter on Mar 3, 2016.
             Mangled by Crazy Yiuf
             ... wielding a +4 quarterstaff of chaos
              (16 damage)
             ... on level 2 of the Dungeon.
             The game lasted 00:03:06 (1308 turns).

gorblad the Shield-Bearer (Demigod Fighter)         Turns: 1308, Time: 00:03:06

Health: -13/38     AC:  9    Str: 21    XL:     4   Next: 5%
Magic:  2/6        EV:  7    Int: 12    God:
Gold:   42         SH: 10    Dex: 15    Spells: 0 memorised, 3 levels left

rFire  . . .     SeeInvis .     a - +0 trident
rCold  . . .     Gourm    .     b - +0 scale mail
rNeg   . . .     Faith    .     c - +1 shield
rPois  .         Spirit   .     (no helmet)
rElec  .         Dismiss  .     (no cloak)
rCorr  .         Reflect  .     t - +0 pair of gloves
SustAt +         Harm     .     j - +0 pair of boots
MR     .....                    (no amulet)
Stlth  ..........               (no ring)
                                (no ring)

@: not resistant to hostile enchantments, extremely unstealthy
A: high mp 1, sustain attributes
a: no special abilities


You were on level 2 of the Dungeon.
You were not hungry.

You visited 1 branch of the dungeon, and saw 2 of its levels.

You collected 42 gold pieces.

Inventory:

Hand Weapons
 a - a +0 trident (weapon)
Armour
 b - a +0 scale mail (worn)
 c - a +1 shield (worn)
 j - a +0 pair of boots (worn)
 t - a +0 pair of gloves (worn)
Jewellery
 p - a +2 ring of protection {unknown}
Scrolls
 h - a scroll of fear
 q - a scroll of remove curse {unknown}
Potions
 d - a potion of might
 e - 2 potions of flight
 g - a potion of heal wounds {unknown}
 i - a potion of haste
 k - a potion of curing {unknown}
 n - a potion of degeneration {unknown}
 r - a potion of lignification {unknown}
 s - a potion of invisibility {unknown}
Comestibles
 f - a bread ration
 l - a royal jelly
 m - 2 chunks of flesh
 o - a beef jerky


   Skills:
 + Level 3.2 Fighting
 + Level 2.4 Polearms
 + Level 3.2 Armour
 + Level 3.3 Shields


You had 3 spell levels left.
You didn't know any spells.

Dungeon Overview and Level Annotations

Branches:
Dungeon (2/15)

Annotations:
D:2 Crazy Yiuf


Innate Abilities, Weirdness & Mutations

You have an increased reservoir of magic (+10% MP).
Your attributes are resistant to harm.


Message History

You are too injured to fight recklessly!
You are too injured to fight recklessly!
You are too injured to fight recklessly!
You are too injured to fight recklessly!
You are too injured to fight recklessly!
You are too injured to fight recklessly!
You are too injured to fight recklessly!
You are too injured to fight recklessly!
You are too injured to fight recklessly!
You are too injured to fight recklessly!
You are too injured to fight recklessly!
You are too injured to fight recklessly!
You are too injured to fight recklessly!
You are too injured to fight recklessly!
You hit Crazy Yiuf but do no damage.
Crazy Yiuf is moderately wounded.
Crazy Yiuf hits you with a quarterstaff of chaos.
* * * LOW HITPOINT WARNING * * *
Space warps horribly around you!
You die...

........>)..#
........#####
#######.# #
#.# # #####
#.##### #).)#
#.....# #)))#
#####.# #)g)#
#####.# #@#
#...#.# #)##
#...#.# ##)#
#...'.# #)##
#...### ##)#
#...### ##)##
#...##.
##..)#
###...##.
#....#
#......).
#....#
#.....)..


You could see Crazy Yiuf (berserk).

Vanquished Creatures
  Ijyb (D:2)
  3 gnolls (D:2)
  3 bats (D:1)
  8 goblins
  2 hobgoblins (D:1)
  4 jackals (D:2)
  3 giant newts (D:1)
  2 kobolds (D:2)
  7 rats
33 creatures vanquished.

Notes
Turn   | Place    | Note
--------------------------------------------------------------
     0 | D:1      | gorblad the Demigod Fighter began the quest for the Orb.
     0 | D:1      | Reached XP level 1. HP: 18/18 MP: 3/3
   216 | D:1      | Reached XP level 2. HP: 25/25 MP: 4/4
   747 | D:2      | Noticed Ijyb
   772 | D:2      | Killed Ijyb
   772 | D:2      | Reached XP level 3. HP: 26/31 MP: 5/5
   849 | D:2      | Found a shadowy altar of Dithmenos.
   903 | D:2      | HP: 1/31 [gnoll/flail (3)]
  1114 | D:2      | Reached XP level 4. HP: 22/38 MP: 6/6
  1302 | D:2      | Noticed Crazy Yiuf
  1308 | D:2      | Mangled by Crazy Yiuf

Vault maps used:
D:1:      minmay_arrival_shoal_huts, serial_curves, eino_curves_03,
          eino_curves_04, eino_curves_02, minmay_stone_trees_small
D:2:      nemelex_deck, lemuel_crystal_altar, first_bread,
          uniq_crazy_yiuf_cottage, uniq_iyjb

Skill      XL: |  1  2 |
---------------+-------+-----
Polearms       | 2 |  2.4
Fighting       | 3 |  3.2
Armour         | 3 |  3.2
Shields        | 3 |  3.3

Action                   |  1- 3 |  4- 6 || total
-------------------------+-------+-------++-------
Melee: Trident           |   121 |    13 ||   134
  Use: Scroll            |     6 |       ||     6
       Potion            |     2 |       ||     2
  Eat: Chunk             |     1 |     1 ||     2
